 Dungeon Crawl Stone Soup version 0.32-a0-872-g59262bd (webtiles) character file.

Game seed: 11084639619010640970

546 Renatii the Ruffian (level 7, -1/57 HPs)
             Began as a Pale Draconian Shapeshifter on Mar 30, 2024.
             Slain by a gnoll
             ... wielding a +0 halberd
             ... led by a gnoll sergeant
              (7 damage)
             ... on level 5 of the Dungeon.
             The game lasted 00:05:39 (3418 turns).

Renatii the Ruffian (Pale Draconian Shapeshifter)   Turns: 3418, Time: 00:05:40

Health: -1/57      AC:  6    Str: 18    XL:     7   Next: 6%
Magic:  7/7        EV: 11    Int: 11    God:
Gold:   254        SH:  0    Dex: 10    Spells: 6/6 levels left

rFire   . .          .
                       - Unarmed
rCold   . . .        (no shield)
rNeg    . . .        (body armour unavailable)
rPois   .            (helmet currently unavailable)
rElec   .            (cloak currently unavailable)
rCorr   +            (gloves currently unavailable)
SInv    .            (boots currently unavailable)
Will    .....        s - amulet of regeneration
Stlth   ++           n - ring of wizardry
HPRegen 1.09/turn    x - ring of resist corrosion
MPRegen 0.10/turn

%: wizardry (x1)
@: beast-form
A: beast (slay +2), steam breath, AC +6, unfitting armour, cold-blooded, steam
resistance
a: Steam Breath, Begin Untransformation, Convert to Beogh


You were on level 5 of the Dungeon.
You were a hulking beast.
You visited 1 branch of the dungeon, and saw 5 of its levels.

You collected 254 gold pieces.

Inventory:

Armour
 o - a +0 pair of gloves
Jewellery
 n - a ring of wizardry (left hand)
 s - an amulet of regeneration (around neck)
 x - a ring of resist corrosion (right hand)
Talismans
 b - a beast talisman (active)
 c - a flux talisman
Scrolls
 d - a scroll of enchant armour {unknown}
 e - a scroll of fog {unknown}
 f - a scroll of immolation {unknown}
 g - 2 scrolls of torment {unknown}
 h - a scroll of blinking {unknown}
 k - a scroll of summoning {unknown}
 l - 4 scrolls of teleportation
 r - a scroll of identify {unknown}
 u - a scroll of revelation {unknown}
 w - a scroll of poison {unknown}
Potions
 i - a potion of ambrosia {unknown}
 j - a potion of degeneration {unknown}
 m - a potion of curing {unknown}
 p - a potion of brilliance {unknown}
 q - a potion of might {unknown}
 v - a potion of magic {unknown}


   Skills:
 * Level 3.3 Fighting
 - Level 2.0 Dodging
 - Level 2.0 Stealth
 + Level 5.8 Unarmed Combat
 * Level 4.6 Shapeshifting


You had 6 spell levels left.
You didn't know any spells.
Your spell library contained the following spells:

 Spells                   Type           Power      Damage    Failure   Level
 Passwall                 Erth           0%         N/A       38%         3
 Volatile Blastmotes      Fire/Tloc      0%         2d10      38%         3
 Vhi's Electric Charge    Tloc/Air       0%         N/A       77%         4
 Bombard                  Conj/Erth      0%         9d1       100%        6


Dungeon Overview and Level Annotations

Branches:
Dungeon (5/15)
 Temple: D:4-7

Altars:
Zin

Shops:
D:3 =


Innate Abilities, Weirdness & Mutations

You are a hulking beast.
Your limbs bulge with bestial killing power. (Slay +2)
You can breathe blasts of scalding, opaque steam.
Your pale cyan-grey scales are hard. (AC +6)
You cannot fit into any form of body armour.
You are cold-blooded and may be slowed by cold attacks.
You are immune to the effects of steam.


Message History

The gnoll hits you but does no damage. The gnoll hits you but does no damage.
The gnoll hits you from afar with a +0 halberd.
The gnoll hits you but does no damage.
You pummel the orc!!
You kill the orc!
Your transformation is almost over.
The gnoll barely misses you.
You cannot move.
You cannot move.
The gnoll hits you but does no damage. The gnoll hits you but does no damage.
The gnoll hits you from afar with a +0 halberd.
An orc priest comes into view.
It is wielding a +2 short sword of speed.
The gnoll hits you from afar with a +0 halberd.
The gnoll hits you from afar with a +0 halberd!
The gnoll hits you but does no damage.
The gnoll hits you from afar with a +0 halberd!
An orc comes into view. It is wielding a +0 hand axe.
The gnoll hits you but does no damage.
An orc comes into view. It is wielding a +0 dagger.
Unknown command.
You feel much better.
The orc priest shouts!
The orc shouts!
The gnoll completely misses you.
The orc priest shouts, "The Pantheon deserves no one's loyalty.
Let us show you the true path!" (press Y on the ability menu to convert to Beogh)
You cannot move.
You feel less wooden.
You turn into a hulking beast.
The gnoll hits you from afar with a +0 halberd!
The gnoll hits you from afar with a +0 halberd!
The orc priest mumbles some strange prayers to Beogh against you.
Beogh smites you!
* * * LOW HITPOINT WARNING * * *
Things that are here:
a +1 trident of venom; a +0 ring mail; a gnoll corpse The gnoll attacks as it pursues you!
The gnoll hits you from afar with a +0 halberd!
You die...

##.# #.. ##o#
##.# #o.##....#
########)......#
...gg.....#
#######g### #.#
#h# #####.#
#..<..# #.#####
#


You could see an orc priest, a gnoll and an orc.

Vanquished Creatures
  Blork the orc (D:4)
  A gnoll sergeant (D:5)
  2 hounds (D:3)
  2 jellies
  2 orc wizards (D:3)
  6 adders
  10 gnolls
  A ribbon worm (D:3)
  5 dart slugs
  8 orcs
  5 ball pythons
  5 endoplasms
  2 giant cockroaches
  7 goblins
  10 hobgoblins
  6 jackals
  6 bats
  2 frilled lizards (D:3)
  3 kobolds
  5 rats
89 creatures vanquished.

Notes
Turn   | Place    | Note
-------+----------+-------------------------------------------
     0 | D:1      | Renatii the Draconian Shapeshifter began the quest for the
                  | Orb.
     0 | D:1      | Reached XP level 1. HP: 16/16 MP: 1/1
   147 | D:1      | Reached XP level 2. HP: 19/23 MP: 2/2
   816 | D:2      | Reached XP level 3. HP: 15/28 MP: 3/3
  1006 | D:2      | Reached skill level 1 in Stealth
  1573 | D:3      | Reached XP level 4. HP: 31/36 MP: 4/4
  1865 | D:3      | Reached skill level 4 in Unarmed Combat
  1865 | D:3      | Reached XP level 5. HP: 41/41 MP: 5/5
  2296 | D:3      | Found a faded altar of an unknown god.
  2313 | D:3      | Found Paxiemey's Jewellery Shop.
  2443 | D:3      | Found a glowing silver altar of Zin.
  2770 | D:4      | Reached XP level 6. HP: 50/50 MP: 6/6
  2962 | D:4      | Reached skill level 5 in Unarmed Combat
  3244 | D:4      | Noticed Blork the orc
  3262 | D:4      | Killed Blork the orc
  3367 | D:5      | Entered Level 5 of the Dungeon
  3391 | D:5      | Your scales start taking on a pale cyan-grey colour.
  3391 | D:5      | Reached XP level 7. HP: 16/57 MP: 7/7
  3391 | D:5      | Gained mutation: You are immune to the effects of steam.
                  | [Pale Draconian growth]
  3418 | D:5      | Slain by a gnoll

Illustrated notes

Levels and vault maps discovered:
D:1:      minmay_arrival_doors, layout_loops_cross
D:2:      layout_basic
D:3:      layout_basic, mainiacjoe_overflow_paths, basic_ecumenical_altar,
          serial_shops, shop, serial_park_tiny_1
D:4:      layout_basic, dreamdust_gnoll_farm, uniq_blork_the_orc
D:5:      layout_rooms, gammafunk_temple_of_torment, serial_shops,
          nicolae_shop_statue_plus, shop, nicolae_shop_rolled_up, shop_coins,
          serial_curves, eino_curves_03, eino_curves_03

Skill      XL: |  1  2  3  4  5  6 |
---------------+-------------------+-----
Dodging        | 2 |  2.0
Stealth        | 1 2 |  2.0
Fighting       | 2 3 |  3.3
Unarmed Combat | 4 5 |  5.8
Shapeshifting  | 4 |  4.6

Action                     |  1- 3 |  4- 6 |  7- 9 || total
---------------------------+-------+-------+-------++-------
  Melee: Unarmed           |   121 |   178 |     1 ||   300
         Tailslap          |    10 |    11 |       ||    21
         Punch             |       |     4 |       ||     4
    Use: Potion            |       |     3 |     2 ||     5
         Scroll            |       |     1 |       ||     1
   Stab: Sleeping          |     2 |     2 |       ||     4
         Distracted        |       |     1 |       ||     1
 Armour: Skin              |    61 |   152 |    24 ||   237
  Dodge: Dodged            |    61 |   105 |     3 ||   169
  Block: Other             |     1 |    15 |       ||    16

Table legend: (Time is in decaauts)
 A = Elapsed time spent in this place.
 B = Non-inter-level travel time spent in this place.
 C = Inter-level travel time spent in this place.
 D = Time resting spent in this place.
 E = Time spent auto-exploring this place.
 F = Levels seen in this place.
 G = Mean time per level.
                   A        B        C        D        E       F      G
               +--------+--------+--------+--------+--------+-----+--------+
         Total |   3401 |   3264 |    137 |    392 |   2145 |   5 |  680.2 |
       Dungeon |   3401 |   3264 |    137 |    392 |   2145 |   5 |  680.2 |
               +--------+--------+--------+--------+--------+-----+--------+

Top non-repeatable levels by time:
     D:2: 1036 daAuts
     D:3: 894 daAuts
     D:1: 754 daAuts
     D:4: 667 daAuts
     D:5: 49 daAuts
